Description

pvz stats serral

Replay - llllllllllll v Serral - Turbo Cruise '84 LE

Build Order

Get SALT Encoding   

  12  0:00  Probe  
  13  0:13  Pylon  
  14  0:19  Probe  
  14  0:25  Probe  
  15  0:33  Gateway  
  15  0:41  Probe  
  16  0:43  Probe  
  16  0:48  Assimilator  
  17  0:51  Probe  
  18  1:03  Probe  
  19  1:15  Nexus  
  20  1:25  Probe  
  20  1:35  Cybernetics Core  
  20  1:38  Probe  
  21  1:44  Assimilator  
  21  1:50  Probe  
  22  1:54  Pylon  
  22  2:02  Adept  
  26  2:18  Stargate  
  26  2:29  Warp Gate  
  27  2:32  Adept  
  32  2:57  Phoenix  
  38  3:14  Oracle  
  38  3:17  Pylon  
  43  3:28  Gateway  
  45  3:37  Assimilator x2  
  45  3:45  Oracle  
  47  3:52  Pylon  
  52  4:04  Robotics Facility  
  52  4:16  Adept  
  56  4:22  Oracle  
  59  4:26  Adept  
  59  4:29  Pylon  
  62  4:42  Immortal  
  63  5:03  Sentry x2  
  66  5:09  Gateway x4  
  66  5:14  Observer  
  66  5:27  Sentry x2  
  71  5:32  Immortal  
  71  5:40  Shield Battery x3  
  75  5:42  Forge  
  75  5:43  Twilight Council  
  75  5:51  Sentry  
  75  5:53  Zealot  
  79  6:01  Immortal  
  79  6:15  Zealot x3  
  89  6:19  Cybernetics Core  
  89  6:25  Zealot x2  
  91  6:31  Zealot  
  89  6:39  Zealot x2  
  77  6:48  Zealot  
Spawning Tool Build Advisor. Get it on Overwolf

Analysis

timing attack

Go to:

Details

  • Created by: gntkchacal
  • Published on: Oct 15, 2019
  • Modified on: Oct 15, 2019
  • Patch: 4.7.1
Show
View Real Time Build Order
Export as new Build Order

Comments (1)

On Oct. 22, 2019, 3:22 a.m., starfish.by  said:

there is a VOD, but its' start was cut for some reason
https://www.youtube.com/watch?v=fu-uhFgv5Yw

Create an account to comment!